 Dungeon Crawl Stone Soup version 0.27.1-3-gb3d3a73c9e (webtiles) character file.

Game seed: 10016896585924111494

37 MisterFreud the Skirmisher (level 3, -1/36 HPs)
             Began as a Minotaur Abyssal Knight on Oct 30, 2021.
             Was a Follower of Lugonu.
             Slain by an orc priest (9 damage)
             ... on level 2 of the Dungeon.
             The game lasted 00:01:49 (1744 turns).

MisterFreud the Skirmisher (MiAK)                   Turns: 1744, Time: 00:01:50

Health: -1/36      AC:  3    Str: 17    XL:     3   Next: 21%
Magic:  3/3        EV: 11    Int:  9    God:    Lugonu [*.....]
Gold:   83         SH:  0    Dex:  9    Spells: 2/2 levels left

rFire    . . .     SeeInvis .   a - +1 falchion
rCold    . . .     Faith    .   (no shield)
rNeg     . . .     Spirit   .   b - +0 leather armour
rPois    .         Reflect  .   (helmet restricted)
rElec    .         Harm     .   (no cloak)
rCorr    .         Rampage  .   (no gloves)
Will     .....                  (no boots)
Stlth    +.........             (no amulet)
HPRegen  0.12/turn              (no ring)
MPRegen  0.08/turn              (no ring)

@: no status effects
A: horns 2, retaliatory headbutt
a: Renounce Religion, Depart the Abyss


You were on level 2 of the Dungeon.
You worshipped Lugonu.
Lugonu was aware of your devotion.
You visited 1 branch of the dungeon, and saw 2 of its levels.
You visited the Abyss 1 time.

You collected 83 gold pieces.

Inventory:

Hand Weapons
 a - a +1 falchion (weapon)
Armour
 b - a +0 leather armour (worn)
Scrolls
 d - a scroll of summoning {unknown}
 f - a scroll of acquirement {unknown}
 j - a scroll of magic mapping {unknown}
Potions
 c - a potion of magic {unknown}
 e - a potion of invisibility {unknown}
 g - a potion of flight {unknown}
 h - a potion of resistance {unknown}
 i - a potion of mutation {unknown}
 k - a potion of berserk rage {unknown}
 l - a potion of curing {unknown}
 m - 2 potions of heal wounds {unknown}


   Skills:
 * Level 5.3 Fighting
 - Level 2.4 Long Blades
 - Level 2.4 Armour
 - Level 1.1 Dodging
 - Level 1.7 Invocations


You had 2 spell levels left.
You didn't know any spells.
Your spell library contained the following spells:

 Spells                   Type           Power      Damage    Failure   Level
 Corpse Rot               Necr/Air       N/A        N/A       58%         2
 Dispel Undead            Necr           0%         3d6       99%         4
 Death Channel            Necr           0%         N/A       100%        6


Dungeon Overview and Level Annotations

Branches:
Dungeon (2/15)

Altars:

Shops:
D:1 (


Innate Abilities, Weirdness & Mutations

You have a pair of horns on your head.
You reflexively headbutt those who attack you in melee.


Message History

There is a stone staircase leading up here.
You hit the orc.
The orc is lightly wounded.
The orc barely misses you. You furiously retaliate!
You headbutt the orc!
You kill the orc!
Lugonu accepts your kill.
You hit the orc.
The orc is almost dead.
The orc barely misses you. You furiously retaliate!
You headbutt the orc, but do no damage. You hit the orc.
You kill the orc!
Lugonu accepts your kill. The orc priest misses you.
You riposte.
You closely miss the orc priest. You barely miss the orc priest.
The orc priest hits you with a +0 flail.
You closely miss the orc priest.
The orc priest invokes the aid of Beogh against you.
Beogh smites you!
You hit the orc priest but do no damage.
You headbutt the orc priest.
The orc priest is moderately wounded.
The orc priest hits you with a +0 flail.
You hit the orc priest but do no damage.
You headbutt the orc priest.
The orc priest is moderately wounded.
The orc priest hits you with a +0 flail!
* * * LOW HITPOINT WARNING * * *
You hit the orc priest but do no damage.
Your headbutt misses the orc priest.
The orc priest is moderately wounded.
The orc priest looks encouraged for a moment.
The orc priest calls down the wrath of Beogh upon you.
You barely resist.
Unknown command.
You barely miss the orc priest.
You headbutt the orc priest, but do no damage.
The orc priest is moderately wounded.
The orc priest hits you with a +0 flail!
You die...

#.#..##..#.....###
#.#..#...#.....#
#.....###......#
####.## ##.....#
#.# #.##.#### #.##
##.......#
##.###........#
##...#o......#
##.##@).....#
###o##......<#
##.#.##....)..#
##....##.......#
#.....##########
##..o## ##o## ####
#.# #.. #.# #.# #


You could see an orc priest.

Vanquished Creatures
  4 orcs
  A bat (D:1)
  2 endoplasms (D:1)
  2 goblins
  5 hobgoblins
  2 kobolds
  2 quokkas (D:1)
  5 ball pythons (D:1)
  A frilled lizard (D:1)
  5 rats (D:1)
29 creatures vanquished.

Notes
Turn   | Place    | Note
-------+----------+-------------------------------------------
     0 | Abyss:1  | MisterFreud the Minotaur Abyssal Knight began the quest for
                  | the Orb.
     0 | Abyss:1  | Reached XP level 1. HP: 19/19 MP: 1/1
    72 | D:1      | Escaped the Abyss
   167 | D:1      | Reached skill level 4 in Fighting
   206 | D:1      | Reached * piety under Lugonu
   209 | D:1      | Reached XP level 2. HP: 28/28 MP: 2/2
   254 | D:1      | Found Plog's Weapon Boutique.
   691 | D:1      | Reached skill level 5 in Fighting
  1088 | D:2      | Reached XP level 3. HP: 14/36 MP: 3/3
  1744 | D:2      | Slain by an orc priest

Illustrated notes

Levels and vault maps discovered:
D:1:      erik_arrival_triangle_medium, layout_basic, serial_shops, shop,
          roderic_lattice_a, minmay_fountain_box, minivault_4, minmay_tall_x
D:2:      layout_loops_cross, minmay_misc_feat_ornament, st_stairs_4

Skill      XL: |  1  2 |
---------------+-------+-----
Fighting       | 4 5 |  5.3
Long Blades    | |  2.4
Armour         | |  2.4
Dodging        | |  1.1
Invocations    | |  1.7

Action                   || total
-------------------------++-------
Melee: Falchion          ||    54
       Headbutt          ||    12
Invok: Depart the Abyss  ||     1
Armor: Leather armour    ||    15
Dodge: Dodged            ||    28
       Rpst.: Falchion   ||     9
